 Dungeon Sprint DCSS version 0.27-a0-417-g317cea8a3c (webtiles) character file.

Game seed: 9271684038750197362

40722 rocky1 the Warrior (level 13, -5/144 HPs)
             Began as a Minotaur Hunter on Feb 26, 2021.
             Was the Champion of Cheibriados.
             Slain by an orc warlord
             ... wielding a +1 halberd of protection
              (39 damage)
             ... in the Dungeon (Sprint VII: "The Pits").
             The game lasted 00:26:53 (3413 turns).

rocky1 the Warrior (Minotaur Hunter)                Turns: 3413, Time: 00:26:54

Health: -5/144     AC: 24    Str: 38    XL:     13   Next: 76%
Magic:  3/21       EV: 28    Int: 23    God:    Cheibriados [******]
Gold:   42         SH:  0    Dex: 28    Spells: 12/12 levels left

rFire    . . .     SeeInvis .   a - +1 battleaxe (freeze)
rCold    . . .     Faith    .   (shield currently unavailable)
rNeg     . . .     Spirit   .   P - +0 chain mail {rPois}
rPois    +         Reflect  .   w - +2 hat {Will+}
rElec    .         Harm     .   (no cloak)
rCorr    .         Rampage  .   R - +1 pair of gloves {Str+3}
Will     +....     NoTele   +   t - +0 pair of boots
Stlth    +++.......             G - amulet of Vitality {Regen+ HP+15}
HPRegen  1.34/turn              K - +4 ring of protection
MPRegen  0.17/turn              E - +4 ring of evasion

@: constricted, very slow
A: retaliatory headbutt, horns 2
a: Renounce Religion, Bend Time, Temporal Distortion, Slouch, Step From Time


You were in the Dungeon.
You worshipped Cheibriados.
Cheibriados was exalted by your worship.
You visited 1 branch You collected 42 gold pieces.

Inventory:

Hand Weapons
 a - a +1 battleaxe of freezing (weapon)
 b - a +1 hand crossbow
 c - a +2 long sword of holy wrath
 y - a +4 scimitar of flaming
 N - the +11 plutonium sword {*Contam Stlth-}
   (You took it off a vampire in the Dungeon)

   It causes magical contamination when unequipped.
   It makes you less stealthy.
Missiles
 d - 8 bolts
 Q - 11 silver javelins (quivered)
Armour
 t - a +0 pair of boots (worn)
 w - a +2 hat of willpower (worn)
 P - a +0 chain mail of poison resistance (worn)
 R - a +1 pair of gloves of strength (worn)
Jewellery
 E - a +4 ring of evasion (right hand)
 G - the amulet of Vitality (around neck) {Regen+ HP+15}
   (You found it in the Dungeon)

   [amulet of regeneration]

   It affects your health (+15).
   It increases your rate of regeneration.
 K - a +4 ring of protection (left hand)
Wands
 F - a wand of polymorph (5)
 L - a wand of flame (6)
Scrolls
 j - 2 scrolls of blinking
 l - 5 scrolls of amnesia
 m - a scroll of summoning
 z - 2 scrolls of identify
 A - 4 scrolls of enchant armour
 B - 2 scrolls of fear
 C - 2 scrolls of fog
Potions
 e - 5 potions of heal wounds
 f - 7 potions of curing
 h - 4 potions of magic
 k - a potion of invisibility
 n - 3 potions of brilliance
 p - a potion of might
 q - 2 potions of mutation
Miscellaneous
 J - a lightning rod (4/4)
 M - a phial of floods


   Skills:
 + Level 16.2 Fighting
 - Level 12.1 Long Blades
 + Level 15.9 Axes
 + Level 15.4 Crossbows
 + Level 16.1 Armour
 + Level 15.2 Dodging
 + Level 12.7 Stealth
 - Level 12.8 Invocations
 + Level 6.7 Evocations


You had 12 spell levels left.
You didn't know any spells.
Your spell library was empty.

Dungeon Overview and Level Annotations

Branches:
Dungeon (1/1)

Altars:
Ashenzari
Cheibriados
Dithmenos
Elyvilon
Fedhas
Gozag
Hepliaklqana
Kikubaaqudgha
Makhleb
Nemelex Xobeh
Okawaru
Qazlal
Ru
Sif Muna
Trog
Uskayaw
Vehumet
Wu Jian
Xom
Yredelemnul
Zin
The Shining One
Beogh
Jiyva
Lugonu


Innate Abilities, Weirdness & Mutations

You reflexively headbutt those who attack you in melee.
You have a pair of horns on your head.


Message History

Your Armour skill increases to level 16!
You feel much better. The orc knight completely misses you.
The orc knight misses you. You furiously retaliate!
You headbutt the orc knight!
The orc warlord roars a battlecry!
Unknown command.
You feel much better. The naga warrior spits poison at you.
The splash of poison misses you.
The orc warlord hits you from afar with a +1 halberd of protection!!
* * * LOW HITPOINT WARNING * * *
The orc knight hits you with a +0 great mace.
* * * LOW HITPOINT WARNING * * *
You feel much better.
The orc knight no longer looks unusually strong.
The naga warrior hits you but does no damage.
The naga warrior completely misses you.
The deep elf knight points at itself and mumbles some strange words.
The deep elf knight flickers and vanishes!
Deactivating autopickup; reactivate with Ctrl-A.
An orc knight comes into view. It is wielding a +0 long sword.
You slice the orc knight!! You freeze the orc knight.
The orc knight is almost dead.
You closely miss the naga warrior.
You hit the orc knight but do no damage.
The orc knight barely misses you.
The orc warlord roars a battlecry!
The orc knight goes into a battle-frenzy!
You hear some strange, mumbled words.
The naga warrior hits you but does no damage.
The naga warrior grabs you. The naga warrior constricts you.
The orc knight completely misses you.
You hear a roar!
You closely miss the orc knight. Your headbutt misses the orc knight.
The orc knight is almost dead.
You closely miss the naga warrior. You hit the orc knight.
You freeze the orc knight.
The orc knight no longer looks unusually strong. x2
The orc warlord hits you from afar with a +1 halberd of protection!!!
You die...

...# ...# #..# ...+ ...+ #''#
#''##############################
#................N...............
#...............@oG..(...........
#..##############oN##############
#..# ..o).. # #..# #.).)#.# #
#..# ......... # #..# .#....#.#.#
# #..# .c......o.# # #..# #
#(...#.#. # #..# #


You could see an orc warlord (strong), 2 naga warriors, 3 orc knights and a
great orb of eyes.

Vanquished Creatures
  A death cob (D)
  Gastronok (D)
  A storm dragon (D)
  Agnes (D)
  A frost giant (D)
  An orc warlord (D)
  An emperor scorpion (D)
  A white draconian (D)
  A merfolk javelineer (D)
  A hydra (D)
  A yaktaur captain (D)
  2 boulder beetles (D)
  Harold (D)
  2 anacondas (D)
  A dancing weapon (D)
  7 hell hogs (D)
  2 two-headed ogres (D)
  A shadow wraith (D)
  An iron troll (D)
  4 skeletal warriors (D)
  A sixfirhy (D)
  2 deep trolls (D)
  8 orc knights (D)
  2 deep elf pyromancers (D)
  An orc sorcerer (D)
  A cyclops (D)
  2 molten gargoyles (D)
  A gargoyle (D)
  3 kobold demonologists (D)
  An efreet (D)
  A demonic crawler (D)
  3 yaktaurs (D)
  A freezing wraith (D)
  An ice devil (D)
  2 red devils (D)
  2 wind drakes (D)
  A polar bear (D)
  3 blink frogs (D)
  Prince Ribbit (D)
  A snapping turtle (D)
  2 shadows (D)
  2 ynoxinuls (D)
  A tarantella (D)
  A wraith (D)
  A vampire (D)
  Eustachio (D)
  Menkaure (D)
  2 wargs (D)
  A soldier ant (D)
  2 orc warriors (D)
  A black bear (D)
  A sky beast (D)
  A centaur (D)
  5 wolves (D)
  A gnoll sergeant (D)
  A scorpion (D)
  7 killer bees (D)
  A small abomination (D)
  A crimson imp (D)
  2 jellies (D)
  An orc priest (D)
  Jessica (D)
  A gnoll shaman (D)
  2 orc wizards (D)
  A worker ant (D)
  11 gnolls (D)
  2 ufetubi (D)
  An ooze (D)
  An adder zombie (D)
  2 adder simulacra (D)
  2 leopard geckos (D)
  4 orcs (D)
  2 bats (D)
  2 bat skeletons (D)
  A giant cockroach (D)
  3 kobolds (D)
  2 quokkas (D)
  2 ball pythons (D)
  A bat simulacrum (D)
  A frilled lizard (D)
148 creatures vanquished.

Vanquished Creatures (others)
  An ufetubus (D)
1 creature vanquished.

Grand Total: 149 creatures vanquished

Notes
Turn   | Place    | Note
-------+----------+-------------------------------------------
     0 | D        | rocky1 the Minotaur Hunter began the quest for the Orb.
     0 | D        | Reached XP level 1. HP: 18/18 MP: 0/0
    12 | D        | Reached skill level 1 in Stealth
    17 | D        | Found a bloodstained altar of Trog.
    17 | D        | Found a shimmering blue altar of Sif Muna.
    17 | D        | Found a viscous altar of Jiyva.
    17 | D        | Found a hazy altar of Hepliaklqana.
    17 | D        | Found an opulent altar of Gozag.
    18 | D        | Found a glowing golden altar of the Shining One.
    18 | D        | Found a glowing silver altar of Zin.
    18 | D        | Found a basalt altar of Yredelemnul.
    18 | D        | Found a shimmering altar of Xom.
    18 | D        | Found an ornate altar of the Wu Jian Council.
    18 | D        | Found a sacrificial altar of Ru.
    18 | D        | Found a stormy altar of Qazlal.
    18 | D        | Found an iron altar of Okawaru.
    18 | D        | Found a sparkling altar of Nemelex Xobeh.
    18 | D        | Found a burning altar of Makhleb.
    18 | D        | Found a blossoming altar of Fedhas.
    18 | D        | Found a white marble altar of Elyvilon.
    18 | D        | Found a shadowy altar of Dithmenos.
    18 | D        | Found a snail-covered altar of Cheibriados.
    57 | D        | Found a radiant altar of Vehumet.
    57 | D        | Found a corrupted altar of Lugonu.
    57 | D        | Found a roughly hewn altar of Beogh.
    58 | D        | Found a hide-covered altar of Uskayaw.
    58 | D        | Found an ancient bone altar of Kikubaaqudgha.
    58 | D        | Found a broken altar of Ashenzari.
    66 | D        | Became a worshipper of Cheibriados the Contemplative
    86 | D        | Reached skill level 1 in Axes
    86 | D        | Reached skill level 1 in Armour
    89 | D        | Reached XP level 2. HP: 19/26 MP: 1/1
   180 | D        | Reached * piety under Cheibriados
   295 | D        | Reached ** piety under Cheibriados
   303 | D        | Reached skill level 5 in Crossbows
   304 | D        | Reached *** piety under Cheibriados
   309 | D        | Reached XP level 3. HP: 13/34 MP: 2/2
   583 | D        | Reached XP level 4. HP: 41/41 MP: 3/3
   586 | D        | Reached **** piety under Cheibriados
   587 | D        | Reached skill level 1 in Invocations
   587 | D        | Noticed a black bear
   589 | D        | Reached ***** piety under Cheibriados
   597 | D        | Reached skill level 5 in Fighting
   602 | D        | Killed a black bear
   603 | D        | Reached skill level 5 in Axes
   603 | D        | Reached skill level 5 in Armour
   603 | D        | Reached skill level 5 in Dodging
   603 | D        | Reached XP level 5. HP: 34/50 MP: 3/6
   608 | D        | Reached ****** piety under Cheibriados
   621 | D        | Noticed an orc warrior
   631 | D        | Killed an orc warrior
   632 | D        | Reached XP level 6. HP: 19/58 MP: 6/8
   958 | D        | Noticed a two-headed ogre
   962 | D        | Killed a two-headed ogre
   963 | D        | Reached skill level 5 in Invocations
   963 | D        | Reached XP level 7. HP: 69/69 MP: 5/10
  1003 | D        | Noticed Jessica
  1003 | D        | Noticed Menkaure
  1006 | D        | Killed Menkaure
  1007 | D        | Reached XP level 8. HP: 66/75 MP: 11/11
  1007 | D        | Killed Jessica
  1047 | D        | Noticed a boulder beetle
  1047 | D        | Noticed a polar bear
  1053 | D        | Killed a polar bear
  1191 | D        | HP: 3/78 [boulder beetle (25)]
  1193 | D        | Killed a boulder beetle
  1194 | D        | Reached XP level 9. HP: 29/85 MP: 9/13
  1453 | D        | Noticed a two-headed ogre
  1461 | D        | Killed a two-headed ogre
  1462 | D        | Reached skill level 10 in Fighting
  1462 | D        | Reached skill level 10 in Crossbows
  1462 | D        | Reached skill level 10 in Armour
  1463 | D        | Reached skill level 10 in Axes
  1486 | D        | Noticed a boulder beetle
  1631 | D        | Killed a boulder beetle
  1632 | D        | Reached skill level 10 in Dodging
  1659 | D        | Noticed a freezing wraith
  1667 | D        | Killed a freezing wraith
  1668 | D        | Reached skill level 1 in Long Blades
  1842 | D        | Noticed Gastronok
  1842 | D        | Noticed a molten gargoyle
  1848 | D        | Killed a molten gargoyle
  1849 | D        | Reached XP level 10. HP: 32/94 MP: 15/15
  2173 | D        | Killed Gastronok
  2223 | D        | Reached skill level 5 in Long Blades
  2232 | D        | Noticed Eustachio
  2242 | D        | Killed Eustachio
  2258 | D        | Noticed a gargoyle
  2258 | D        | Noticed a deep elf pyromancer
  2263 | D        | Killed a gargoyle
  2266 | D        | Killed a deep elf pyromancer
  2298 | D        | Noticed a five-headed hydra
  2305 | D        | Killed a five-headed hydra
  2306 | D        | Reached XP level 11. HP: 88/104 MP: 1/17
  2385 | D        | Noticed an orc sorcerer
  2393 | D        | Killed an orc sorcerer
  2394 | D        | Reached skill level 10 in Invocations
  2424 | D        | Noticed Prince Ribbit
  2427 | D        | Killed Prince Ribbit
  2456 | D        | Reached skill level 10 in Stealth
  2559 | D        | Found the amulet of Vitality {Regen+ HP+15}
  2588 | D        | Got the +1 crystal plate armour of Elyvilon's Reproof
                  | {rElec rPois Int+2 Slay-6}
  2653 | D        | Noticed a deep troll
  2665 | D        | Killed a deep troll
  2789 | D        | Noticed a deep troll
  2789 | D        | Noticed an anaconda
  2799 | D        | Killed a deep troll
  2815 | D        | Killed an anaconda
  2820 | D        | Noticed a hell hog
  2821 | D        | Noticed a hell hog
  2821 | D        | Noticed a hell hog
  2831 | D        | Killed a hell hog
  2835 | D        | Killed a hell hog
  2835 | D        | Killed a hell hog
  2875 | D        | Noticed a deep elf pyromancer
  2880 | D        | Killed a deep elf pyromancer
  2881 | D        | Reached XP level 12. HP: 116/116 MP: 19/19
  2949 | D        | Noticed a hell hog
  2949 | D        | Noticed a hell hog
  2949 | D        | Noticed a hell hog
  2949 | D        | Noticed a hell hog
  2949 | D        | Noticed a white draconian
  2950 | D        | Found the +9 staff of Olgreb {rPois∞}
  2951 | D        | Killed a hell hog
  2951 | D        | Killed a hell hog
  2951 | D        | Killed a hell hog
  2951 | D        | Killed a hell hog
  2960 | D        | Killed a white draconian
  2961 | D        | Reached skill level 10 in Long Blades
  3061 | D        | Noticed an anaconda
  3063 | D        | Noticed an emperor scorpion
  3069 | D        | Noticed a death cob
  3076 | D        | Killed an emperor scorpion
  3077 | D        | Reached skill level 1 in Evocations
  3080 | D        | Killed an anaconda
  3085 | D        | Killed a death cob
  3086 | D        | Noticed a merfolk javelineer
  3092 | D        | Killed a merfolk javelineer
  3092 | D        | Noticed a frost giant
  3093 | D        | Reached skill level 15 in Fighting
  3093 | D        | Reached XP level 13. HP: 61/126 MP: 0/21
  3097 | D        | Killed a frost giant
  3098 | D        | Noticed Harold
  3101 | D        | Reached skill level 15 in Armour
  3101 | D        | Noticed a storm dragon
  3110 | D        | Killed a storm dragon
  3111 | D        | Reached skill level 15 in Axes
  3125 | D        | Killed Harold
  3126 | D        | Reached skill level 5 in Evocations
  3392 | D        | Noticed an orc warlord
  3392 | D        | Noticed Agnes
  3393 | D        | Noticed an orc warlord
  3400 | D        | Killed Agnes
  3401 | D        | Reached skill level 15 in Crossbows
  3404 | D        | Reached skill level 15 in Dodging
  3408 | D        | Killed an orc warlord
  3408 | D        | HP: 1/143 [orc warlord/+1 halberd of protection (43)]
  3413 | D        | Slain by an orc warlord

Illustrated notes

Levels and vault maps discovered:
D:        pitsprint [storerooms_1, entrance_room_1, metal_vault_5, armoury_3,
          mini_pit_1, grid_room_1, main_hall_1, silver_pit, the_coven_3,
          the_vestibule_1, steel_vault_2, golden_pit, hallway_of_sentries,
          crystal_vault_2, iron_vault_4, final_vault]

Skill      XL: |  1  2  3  4  5  6  7  8  9 10 11 12 13 |
---------------+----------------------------------------+-----
Stealth        | 1 2 4 6 7 8 9 10 11 12 | 12.7
Fighting       | 3 4 5 6 8 9 10 12 13 15 16 | 16.2
Axes           | 1 3 5 6 7 8 9 10 12 13 14 15 | 15.9
Armour         | 1 3 5 6 8 9 10 12 13 14 16 | 16.1
Dodging        | 3 4 5 6 7 8 10 11 12 14 15 | 15.2
Crossbows      | 5 6 7 8 9 10 11 13 14 15 | 15.4
Invocations    | 3 4 5 7 8 9 11 12 | 12.8
Long Blades    | 2 6 9 11 12 | 12.1
Evocations     | 3 6 |  6.7

Action                   |  1- 3 |  4- 6 |  7- 9 | 10-12 | 13-15 || total
-------------------------+-------+-------+-------+-------+-------++-------
Melee: Hand axe          |    15 |    29 |    62 |    75 |       ||   181
       Headbutt          |     5 |    12 |    32 |    41 |    22 ||   112
       Long sword        |       |       |     5 |       |     9 ||    14
       Broad axe         |       |       |       |    39 |    34 ||    73
       Battleaxe         |       |       |       |       |    13 ||    13
 Fire: Hand crossbow     |     7 |     3 |    11 |    56 |     2 ||    79
Invok: Bend Time         |       |     1 |     2 |       |       ||     3
       Slouch            |       |       |       |    11 |     4 ||    15
  Use: Potion            |     2 |     1 |     2 |     2 |     5 ||    12
       Scroll            |       |       |       |     2 |     1 ||     3
 Stab: Sleeping          |       |       |       |     2 |       ||     2
       Invisible         |       |       |       |     4 |       ||     4
       Distracted        |       |       |       |       |     1 ||     1
Armor: Leather armour    |     3 |       |       |       |       ||     3
       Scale mail        |     1 |    11 |    15 |    39 |     6 ||    72
       Chain mail        |       |       |       |       |     7 ||     7
Dodge: Dodged            |    16 |    23 |    67 |   180 |    79 ||   365
       Rpst.: Long sword |       |       |       |       |     1 ||     1

Table legend: (Time is in decaauts)
 A = Elapsed time spent in this place.
 B = Non-inter-level travel time spent in this place.
 C = Inter-level travel time spent in this place.
 D = Time resting spent in this place.
 E = Time spent auto-exploring this place.
 F = Levels seen in this place.
 G = Mean time per level.
                   A        B        C        D        E       F      G
               +--------+--------+--------+--------+--------+-----+--------+
         Total |   4235 |   4235 |      0 |   1698 |      0 |   1 | 4235.0 |
       Dungeon |   4235 |   4235 |      0 |   1698 |      0 |   1 | 4235.0 |
               +--------+--------+--------+--------+--------+-----+--------+

Top non-repeatable levels by time:
       D: 4235 daAuts
